AoeStats
← Dara_Shikoh

Lombardia

509022755Analyzed
4v4 RM · 8d ago on Sep 25, 2026· 100m 0s· 8 players
Game mode
Random Map
Map size
Large (8 player)
Population
200
Speed
Normal
Resources
Standard
Victory
Conquest
Starting age
Dark Age
Ending age
Imperial Age
RankedLock teamsTeams togetherTeam positionsShared explorationLock speedFull tech treeHidden civsTurbo modeCheats
Victory
Defeat
🇧🇷 Bohemians · Brazil
823
+32
🇧🇷 Celts · Brazil
741
+34
🇧🇷 Teutons · Brazil
717
+35
🇧🇷 Khmer · Brazil
689
+41
🇨🇱 Hindustanis · Chile
746
-16
🇨🇴 Burgundians · Colombia
701
-14
🇺🇸 Khmer · United States
687
-14
🇨🇱 Portuguese · Chile
670
-13
Dara_Shikoh
0:29 Loom
10:43 Feudal Age
15:49 Castle Age
14:30 Gold Mining
14:31 Double-Bit Axe
14:46 Horse Collar
15:57 Bloodlines
18:34 Light Cavalry
19:54 Scale Barding Armor
21:08 Chain Barding Armor
20:59 Forging
20:18 Light Cavalry
25:58 Wheelbarrow
29:30 Heavy Plow
32:30 Imperial Age
30:24 Bow Saw
32:06 Hand Cart
33:21 Hussar
34:40 Plate Barding Armor
34:41 Iron Casting
37:52 Siege Engineers
38:07 Ballistics
38:48 Chemistry
37:32 Heavy Scorpion
39:18 Fortified Wall
39:29 Masonry
39:24 Guard Tower
40:44 Blast Furnace
40:32 Husbandry
48:30 Gold Shaft Mining
51:01 Double Crossbow
70:03 Elite Ballista Elephant
titobr6
1:08 Loom
11:42 Feudal Age
12:33 Double-Bit Axe
20:05 Castle Age
18:38 Horse Collar
20:14 Bloodlines
20:33 Stone Mining
21:56 Husbandry
23:23 Scale Barding Armor
24:32 Forging
24:36 Gold Mining
26:39 Caravan
26:30 Town Watch
27:21 Wheelbarrow
27:44 Heavy Plow
29:06 Iron Casting
29:41 Fortified Wall
30:37 Murder Holes
32:03 Hand Cart
35:52 Imperial Age
34:26 Bow Saw
35:25 Chain Barding Armor
35:47 Grand Trunk Road
36:04 Heavy Camel Rider
37:58 Plate Barding Armor
39:27 Ballistics
39:20 Masonry
40:52 Blast Furnace
39:25 Light Cavalry
40:03 Hussar
41:21 Fletching
41:06 Imperial Camel Rider
42:52 Bodkin Arrow
43:57 Siege Elephant
46:28 Shatagni
47:41 Chemistry
47:21 Bracer
52:42 Town Patrol
55:52 Hoardings
57:36 Gold Shaft Mining
70:45 Elite Ghulam
armimen56
0:40 Loom
11:26 Feudal Age
12:07 Double-Bit Axe
18:28 Wheelbarrow
22:39 Castle Age
20:30 Horse Collar
21:09 Stone Mining
22:42 Bloodlines
24:33 Pikeman
24:59 Gambesons
26:02 Stone Shaft Mining
25:40 Gold Mining
26:15 Husbandry
27:14 Bow Saw
31:29 Hand Cart
33:50 Imperial Age
32:54 Heavy Plow
32:59 Caravan
35:33 Conscription
36:19 Two-Man Saw
35:13 Light Cavalry
36:01 Scale Barding Armor
36:09 Forging
36:00 Scale Mail Armor
37:28 Crop Rotation
39:25 Chemistry
38:22 Murder Holes
38:26 Cavalier
40:16 Arquebus
41:02 Halberdier
43:05 Elite Organ Gun
51:35 Ballistics
50:56 Treadmill Crane
51:42 Chain Barding Armor
51:38 Chain Mail Armor
51:58 Iron Casting
59:17 Plate Barding Armor
59:13 Plate Mail Armor
59:44 Blast Furnace
59:02 Fortified Wall
58:58 Siege Engineers
59:22 Masonry
70:58 Guilds
71:18 Coinage
85:30 Architecture
Mike1206
1:21 Loom
10:19 Feudal Age
17:56 Horse Collar
21:00 Castle Age
18:51 Double-Bit Axe
20:41 Heavy Plow
20:55 Bow Saw
23:59 Burgundian Vineyards
27:32 Two-Man Saw
27:21 Scale Barding Armor
29:43 Chain Barding Armor
30:06 Crop Rotation
34:57 Imperial Age
33:17 Caravan
33:39 Stone Mining
34:55 Wheelbarrow
34:07 Town Watch
35:41 Hand Cart
35:55 Forging
35:09 Elite Skirmisher
35:29 Pikeman
37:13 Chemistry
36:38 Elite Coustillier
38:03 Scale Mail Armor
37:55 Fletching
41:13 Chain Mail Armor
41:34 Iron Casting
41:34 Plate Barding Armor
40:56 Gold Mining
43:18 Cavalier
45:17 Plate Mail Armor
45:47 Blast Furnace
44:48 Paladin
45:37 Husbandry
48:05 Bodkin Arrow
49:17 Onager
49:33 Halberdier
66:59 Town Patrol
85:15 Squires
Mikro
12:15 Feudal Age
16:29 Castle Age
14:15 Double-Bit Axe
14:12 Horse Collar
14:39 Gold Mining
14:40 Stone Mining
17:47 Heavy Plow
17:58 Bow Saw
22:11 Stone Shaft Mining
26:21 Wheelbarrow
26:24 Forging
26:19 Scale Barding Armor
26:05 Fletching
26:25 Arson
26:40 Squires
26:25 Gambesons
27:43 Bloodlines
28:02 Caravan
29:46 Hand Cart
30:15 Iron Casting
35:27 Imperial Age
32:43 Loom
32:43 Town Watch
36:03 Town Patrol
36:48 Chain Barding Armor
36:23 Bodkin Arrow
36:30 Scale Mail Armor
36:42 Masonry
36:37 Siege Engineers
36:43 Fortified Wall
36:54 Ballistics
37:34 Chemistry
36:21 Arrowslits
35:58 Cavalier
37:11 Conscription
36:12 Elite Teutonic Knight
37:27 Hoardings
37:18 Guilds
38:37 Two-Man Saw
38:10 Crop Rotation
38:19 Paladin
39:21 Crenellations
40:15 Blast Furnace
39:51 Plate Barding Armor
40:22 Fervor
40:34 Sanctity
40:14 Devotion
41:06 Chain Mail Armor
42:49 Bombard Tower
42:14 Arrowslits
43:59 Faith
44:14 Plate Mail Armor
66:14 Onager
67:48 Siege Onager
Sardinha
11:31 Feudal Age
12:18 Horse Collar
12:26 Double-Bit Axe
15:02 Castle Age
15:08 Horse Collar
15:16 Double-Bit Axe
16:30 Bow Saw
18:47 Stone Mining
19:30 Heavy Plow
19:31 Gold Mining
21:13 Stone Shaft Mining
26:27 Gold Shaft Mining
29:54 Wheelbarrow
30:07 Loom
30:08 Town Watch
33:40 Imperial Age
33:54 Hand Cart
33:40 Town Patrol
33:54 Tusk Swords
36:00 Conscription
35:05 Elite Ballista Elephant
35:45 Double Crossbow
36:47 Crop Rotation
37:25 Double Crossbow
38:58 Chemistry
38:05 Siege Engineers
38:21 Ballistics
37:56 Murder Holes
38:13 Fortified Wall
38:16 Masonry
38:32 Forging
38:12 Fletching
38:23 Padded Archer Armor
38:42 Caravan
41:01 Iron Casting
40:33 Scale Barding Armor
40:24 Bodkin Arrow
40:44 Leather Archer Armor
48:26 Blast Furnace
47:27 Bracer
47:57 Ring Archer Armor
57:35 Chain Barding Armor
79:08 Hoardings
79:19 Plate Barding Armor
79:25 Architecture
supameN
12:27 Feudal Age
16:06 Double-Bit Axe
19:19 Castle Age
17:29 Horse Collar
27:18 Wheelbarrow
27:47 Gold Mining
29:23 Bow Saw
30:35 Pikeman
32:33 Stone Mining
34:10 Heavy Plow
35:04 Hand Cart
36:01 Loom
37:18 Caravan
38:17 Gold Shaft Mining
38:17 Coinage
41:38 Imperial Age
39:43 Scale Mail Armor
39:54 Forging
40:50 Town Watch
41:28 Ballistics
41:19 Masonry
40:57 Man-at-Arms
41:22 Gambesons
43:02 Banking
42:43 Guilds
44:30 Stone Shaft Mining
43:48 Heavy Scorpion
44:51 Town Patrol
44:41 Halberdier
48:05 Chemistry
47:11 Siege Engineers
47:54 Chain Mail Armor
48:52 Iron Casting
52:46 Plate Mail Armor
53:17 Blast Furnace
52:16 Murder Holes
52:12 Heated Shot
52:33 Fortified Wall
57:39 Scale Barding Armor
57:26 Guard Tower
63:19 Onager
63:52 Elite Woad Raider
66:16 Furor Celtica
69:40 Chain Barding Armor
73:42 Cavalier
74:22 Husbandry
73:43 Light Cavalry
76:47 Paladin
76:47 Hussar
91:33 Capped Ram
94:19 Siege Ram
joaovlogs
13:23 Feudal Age
18:32 Castle Age
16:20 Double-Bit Axe
20:49 Bow Saw
24:51 Squires
25:52 Pikeman
27:06 Horse Collar
30:24 Wheelbarrow
30:36 Forging
31:45 Arson
32:06 Husbandry
37:59 Imperial Age
35:48 Hand Cart
36:03 Ballistics
35:20 Crossbowman
36:10 Scale Barding Armor
38:29 Chemistry
40:32 Two-Man Saw
39:32 Halberdier
39:35 Cavalier
40:20 Scale Mail Armor
40:55 Iron Casting
41:32 Loom
41:32 Town Watch
41:14 Man-at-Arms
42:18 Chain Barding Armor
41:47 Arbalester
41:48 Elite Skirmisher
42:50 Town Patrol
43:32 Conscription
43:17 Wagenburg Tactics
42:45 Light Cavalry
43:19 Fletching
43:57 Heavy Plow
43:37 Long Swordsman
43:53 Houfnice
44:39 Caravan
46:44 Bodkin Arrow
46:50 Padded Archer Armor
47:18 Two-Handed Swordsman
49:12 Bombard Tower
50:02 Guard Tower
53:04 Masonry
58:57 Champion
69:27 Guilds
69:47 Coinage
69:52 Architecture
69:59 Keep
69:35 Fortified Wall
76:08 Banking
79:39 Arrowslits
89:55 Heavy Scorpion
Connection lost

Rejoining the realm…

Still unreachable

The connection could not be restored.

Session expired

The server has moved on; the page needs a fresh start.